 Dungeon Crawl Stone Soup version 0.21-a0-584-g185da8e (webtiles) character file.

508 mortelune the Skirmisher (level 6, 0/51 HPs)
             Began as a Demonspawn Abyssal Knight on Dec 21, 2017.
             Was a Believer of Lugonu.
             Slain by a sky beast (6 damage)
             ... on level 5 of the Dungeon.
             The game lasted 00:15:32 (5602 turns).

mortelune the Skirmisher (DsAK)                     Turns: 5602, Time: 00:15:33

Health: 0/51       AC:  6    Str: 15    XL:     6   Next: 98%
Magic:  8/8        EV: 11    Int: 13    God:    Lugonu [**....]
Gold:   237        SH:  0    Dex: 12    Spells: 5/5 levels left

rFire    . . .     SeeInvis .   s - +1 flail
rCold    . . .     Gourm    .   (no shield)
rNeg     . . .     Faith    .   b - +1 leather armour
rPois    .         Spirit   .   (no helmet)
rElec    .         Reflect  .   (no cloak)
rCorr    .         Harm     .   (no gloves)
MR       .....                  (no boots)
Stlth    +.........             (no amulet)
HPRegen  0.17/turn              (no ring)
MPRegen  0.11/turn              (no ring)

@: no status effects
A: molten scales 1, powered by pain 1
a: Depart the Abyss, Bend Space, Renounce Religion


You were on level 5 of the Dungeon.
You worshipped Lugonu.
Lugonu was pleased with you.
You were not hungry.

You visited 1 branch of the dungeon, and saw 5 of its levels.
You visited the Abyss 1 time.

You collected 237 gold pieces.

Inventory:

Hand Weapons
 a - a +1 mace
 d - a -2 hunting sling
 o - a +0 war axe of venom
 s - a +1 flail (weapon)
Armour
 b - a +1 leather armour (worn)
Jewellery
 u - a cursed ring of loudness
 y - an uncursed amulet of harm
Wands
 j - a wand of paralysis (10)
 l - a wand of polymorph (13)
 q - a wand of acid (7)
Scrolls
 e - 4 scrolls of teleportation
 i - 2 scrolls of remove curse
Potions
 f - a potion of heal wounds
 h - a potion of agility
 k - a potion of flight {unknown}
 m - 2 potions of degeneration {unknown}
 n - a potion of curing {unknown}
 p - 3 potions of ambrosia
 v - 3 potions of lignification
 w - a potion of mutation
 z - a potion of might {unknown}
Books
 g - a book of Cantrips

   Spells                             Type                      Level
   a - Confusing Touch                Hexes                        1
   b - Animate Skeleton               Necromancy                   1
   c - Summon Small Mammal            Summoning                    1
   d - Apportation                    Translocation                1
Comestibles
 c - a ration


   Skills:
 + Level 5.1 Fighting
 + Level 4.2 Maces & Flails
 + Level 4.0 Armour
 - Level 0.8 Dodging
 + Level 2.9 Invocations


You had 5 spell levels left.
You didn't know any spells.

Dungeon Overview and Level Annotations

Branches:
Dungeon (5/15)
 Temple: D:4-7

Altars:
Fedhas
Gozag
Nemelex Xobeh
Okawaru
Sif Muna

Annotations:
D:5 Edmund


Innate Abilities, Weirdness & Mutations

You are partially covered in molten scales. (AC +2)
You sometimes gain a little power by taking damage.


Message History

The sky beast closely misses you. The sky beast completely misses you.
You hit the sky beast.
The sky beast is heavily wounded.
The sky beast hits you but does no damage.
You closely miss the sky beast.
The sky beast is heavily wounded.
The sky beast flickers out of sight!
Deactivating autopickup; reactivate with Ctrl-A.
Something hits you but does no damage.
You closely miss something. Something hits you. Something shocks you.
* * * LOW HITPOINT WARNING * * *
You hit something. Something hits you but does no damage.
You thump something! Something hits you.
* * * LOW HITPOINT WARNING * * *
Something shocks you.
* * * LOW HITPOINT WARNING * * *
Something hits you.
* * * LOW HITPOINT WARNING * * *
Something shocks you.
You die...

#.)_..##.#
#.#.####.# ##.##
#.#..###.######...#
#.##.........#.>...
#. #####.....)....
## #.
#..##.##..##..
#.######..# ......
#.........# #{.#
########.#####@.#
#........#
########.# .# .# .#
.. .# ..


There were no monsters in sight!

Vanquished Creatures
  A phantom (D:4)
  An ogre (D:4)
  A hound (D:4)
  Ijyb (D:5)
  An iguana (D:4)
  An orc wizard (D:2)
  2 worker ants
  Robin (D:4)
  3 adders
  An ooze (D:2)
  An adder skeleton (D:2)
  A dart slug (D:1)
  4 leopard geckos
  11 orcs
  A ball python (D:1)
  4 giant cockroaches
  19 goblins
  6 hobgoblins
  7 jackals
  8 kobolds
  2 quokkas (D:2)
  10 bats
  3 frilled lizards
  A jackal zombie (D:2)
  A quokka skeleton (D:2)
  2 quokka zombies (D:2)
  11 rats
105 creatures vanquished.

Vanquished Creatures (others)
  A scorpion (D:5)
1 creature vanquished.

Grand Total: 106 creatures vanquished

Notes
Turn   | Place    | Note
-------+----------+-------------------------------------------
     0 | Abyss:1  | mortelune the Demonspawn Abyssal Knight began the quest for the Orb.
     0 | Abyss:1  | Reached XP level 1. HP: 18/18 MP: 2/2
     0 | D:1      | Escaped the Abyss
   633 | D:1      | Gained mutation: You are partially covered in molten scales. (AC +2) [demonic ancestry]
   633 | D:1      | Reached XP level 2. HP: 23/24 MP: 3/3
   774 | D:1      | Reached * piety under Lugonu
  1078 | D:1      | Reached XP level 3. HP: 29/29 MP: 4/4
  2030 | D:2      | Reached ** piety under Lugonu
  2030 | D:2      | Gained mutation: You sometimes gain a little power by taking damage. [demonic ancestry]
  2030 | D:2      | Reached XP level 4. HP: 37/37 MP: 5/5
  2080 | D:2      | Found a deep blue altar of Sif Muna.
  2381 | D:2      | Found an opulent altar of Gozag.
  2381 | D:2      | Found a sparkling altar of Nemelex Xobeh.
  2479 | D:3      | Reached skill level 4 in Fighting
  2756 | D:3      | Reached XP level 5. HP: 42/42 MP: 6/6
  3452 | D:4      | Noticed a phantom
  3832 | D:4      | HP: 2/42 [phantom (7)]
  3837 | D:4      | Killed a phantom
  3837 | D:4      | Reached XP level 6. HP: 18/49 MP: 7/7
  4227 | D:4      | Reached *** piety under Lugonu
  4248 | D:4      | Noticed Robin
  4283 | D:4      | Killed Robin
  4812 | D:4      | Reached skill level 5 in Fighting
  5156 | D:5      | Entered Level 5 of the Dungeon
  5317 | D:5      | Noticed an ice beast
  5408 | D:5      | Found a blossoming altar of Fedhas.
  5450 | D:5      | Found an iron altar of Okawaru.
  5520 | D:5      | Noticed Edmund
  5553 | D:5      | Noticed Ijyb
  5569 | D:5      | Killed Ijyb
  5592 | D:5      | Noticed a sky beast
  5602 | D:5      | Slain by a sky beast

Vault maps used:
D:1:      zelgadis_glass_arrival_small, st_stairs_10,
          minmay_misc_feat_more_columns, hangedman_decor_push
D:2:      grunt_temple_overflow_opulence, lemuel_round_altar, serial_undead,
          serial_undead_c, serial_undead_f, serial_undead_d, serial_undead_f,
          serial_undead_f, serial_undead_a, serial_undead_d
D:4:      first_ration, uniq_robin
D:5:      lemuel_crystal_altar, lemuel_coloured_pillars_altar, serial_shops,
          shop_fountains, enter_ossuary_2, kennysheep_generic_room_6, uniq_ijyb,
          uniq_edmund, uniq_pikel

Skill      XL: |  1  2  3  4  5  6 |
---------------+-------------------+-----
Maces & Flails | 2 3 4 |  4.2
Armour         | 2 3 4 |  4.0
Fighting       | 4 5 |  5.1
Dodging        | |  0.8
Invocations    | |  2.9

Action                   |  1- 3 |  4- 6 || total
-------------------------+-------+-------++-------
Melee: Mace              |   139 |    68 ||   207
       War axe           |       |    43 ||    43
       Flail             |       |    97 ||    97
Invok: Depart the Abyss  |     1 |       ||     1
       Bend Space        |       |     4 ||     4
       Banish            |       |     2 ||     2
  Use: Scroll            |     2 |    12 ||    14
       Potion            |       |     2 ||     2
 Stab: Sleeping          |       |     1 ||     1
  Eat: Chunk             |     4 |     6 ||    10
       Ration            |       |     2 ||     2
Armor: Leather armour    |    66 |    71 ||   137
Dodge: Dodged            |    90 |   123 ||   213

Table legend:
 A = Spawn XP
 B = Non-spawn XP
 C = Spawn XP percentage of total XP
 D = Spawn monster count
 E = Non-spawn monster count
 F = Spawn count percentage of total count
 G = Total turns spent on level
                    A         B        C        D         E        F      G
               +---------+---------+-------+---------+---------+-------+---------
         Total |       0 |     726 |   0.0 |       0 |     106 |   0.0 |  5602
               +---------+---------+-------+---------+---------+-------+---------
           D:1 |       0 |      54 |   0.0 |       0 |      30 |   0.0 |  1756
           D:2 |       0 |     103 |   0.0 |       0 |      30 |   0.0 |   688
           D:3 |       0 |      59 |   0.0 |       0 |      22 |   0.0 |   579
           D:4 |       0 |     403 |   0.0 |       0 |      21 |   0.0 |  2176
           D:5 |       0 |     107 |   0.0 |       0 |       3 |   0.0 |   403
               +---------+---------+-------+---------+---------+-------+---------
